 Dungeon Crawl Stone Soup version bcrawl-1.15.1-4-g77d781cab4 (webtiles) character file.

Game seed: 841801091109383269

324 Gumption the Magician (level 6, -4/32 HPs)
             Began as an Avariel Wizard on Oct 12, 2019.
             Was a Believer of Lugonu.
             Killed by divine providence
             ... invoked by an orc priest
              (13 damage)
             ... on level 3 of the Dungeon.
             The game lasted 00:39:39 (3298 turns).

Gumption the Magician (Avariel Wizard)              Turns: 3298, Time: 00:39:40

Health: -4/32      AC:  5    Str:  6    XL:     6   Next: 48%
Magic:  12/15      EV: 12    Int: 25    God:    Lugonu [**....]
Gold:   300        SH:  0    Dex: 11    Spells: 4/15 levels left

rFire    . . .     SeeInvis .   a - +2 short sword (elec)
rCold    . . .     Gourm    .   (no shield)
rNeg     . . .     Faith    .   s - +0 leather armour
rPois    .         Spirit   .   t - +0 helmet
rElec    .         Reflect  .   (no cloak)
rCorr    .         Harm     .   e - +0 pair of gloves
MR       .....                  (no boots)
Stlth    ++........             (no amulet)
HPRegen  0.10/turn              (no ring)
MPRegen  0.14/turn              (no ring)

@: no status effects
A: no striking features
a: Depart the Abyss, Bend Space, Renounce Religion


You were on level 3 of the Dungeon.
You worshipped Lugonu.
Lugonu was pleased with you.
You were not hungry.

You visited 1 branch of the dungeon, and saw 3 of its levels.

You collected 300 gold pieces.

Inventory:

Hand Weapons
 a - a +2 short sword of electrocution (weapon)
 o - a +0 hunting sling
Missiles
 q - 866 stones (quivered)
Armour
 e - a +0 pair of gloves (worn)
 s - a +0 leather armour (worn)
 t - a +0 helmet (worn)
Jewellery
 i - an uncursed ring of see invisible {unknown}
 v - a +4 ring of dexterity {unknown}
Scrolls
 c - 5 scrolls of identify {unknown}
 g - 3 scrolls of enchant armour {unknown}
 h - a scroll of remove curse {unknown}
 k - 2 scrolls of fog {unknown}
 m - 5 scrolls of magic mapping {unknown}
 p - 4 scrolls of amnesia {unknown}
 w - a scroll of fear {unknown}
 y - 3 scrolls of teleportation {unknown}
 z - a scroll of enchant weapon {unknown}
Potions
 b - a potion of haste {unknown}
 d - 2 potions of curing
 j - 2 potions of agility {unknown}
 l - a potion of might {unknown}
 n - a potion of heal wounds {unknown}
 r - 3 potions of mutation {unknown}
 u - a potion of berserk rage {unknown}
 A - 2 potions of brilliance {unknown}
Comestibles
 f - 4 rations {!d}
 x - a chunk of flesh


   Skills:
 * Level 3.8 Dodging
 - Level 2.1 Stealth
 + Level 5.1 Spellcasting
 - Level 4.0 Conjurations
 - Level 1.2 Summonings
 * Level 2.5 Translocations
 + Level 1.5 Fire Magic
 + Level 1.6 Air Magic
 + Level 1.3 Poison Magic


You had 4 spell levels left.
You knew the following spells:

 Your Spells              Type           Power        Failure   Level  Hunger
a - Magic Dart            Conj           ####         2%          1    None
b - Call Imp              Summ           ##......     12%         2    None
c - Blink                 Tloc           N/A          7%          2    None
d - Mephitic Cloud        Conj/Pois/Air  ###.....     14%         3    ##.....
e - Conjure Flame         Conj/Fire      ###.....     12%         3    ##.....

Your spell library contained the following spells:

 Spells                   Type           Power        Failure   Level  Hunger
 Slow                     Hex            #.......     13%         1    None


Dungeon Overview and Level Annotations

Branches:
Dungeon (3/12)

Altars:
Cheibriados
Gozag
Lugonu


Message History

Your crimson imp hits the orc but does no damage.
You swap places.
The orc priest invokes the aid of Beogh against you.
Beogh smites you!
* * * LOW HITPOINT WARNING * * *
The orc hits your white imp but does no damage.
Your white imp barely misses the orc.
Your crimson imp blinks!
You swap places.
The orc hits your white imp but does no damage.
Your white imp barely misses the orc.
Your crimson imp blinks!
You swap places.
The orc priest completely misses your white imp.
The orc misses your white imp.
Your white imp barely misses the orc.
The orc hits something but does no damage.
Your white imp disappears in a puff of smoke!
The orc priest mumbles some strange prayers to Beogh against you.
Beogh smites you!
You die...

#..........###..#########
#.####.##.## #...........
#. #.##.## #.##########
#. #.#...###.# #o
#.........# #o
###...###.# #. ##.## #.#
#o#######.# #.#
#§o.5.5.@.# #.# #####
########### #.######..<.
#........### ##########


You could see an orc priest, an orc (unaware) and 2 friendly crimson imps.

Vanquished Creatures
  A phantom (D:3)
  An orc priest (D:3)
  2 orc wizards (D:3)
  Robin (D:2)
  3 adders (D:3)
  An ooze (D:1)
  A worm (D:3)
  7 dart slugs
  4 leopard geckos
  An orc (D:3)
  3 bats
  4 giant cockroaches
  17 goblins
  8 hobgoblins
  A quokka (D:3)
  A ball python (D:1)
  3 frilled lizards
  11 kobolds
  5 rats
  A toadstool (D:1)
76 creatures vanquished.

Vanquished Creatures (collateral kills)
  An orc wizard (D:3)
  An orc (D:3)
2 creatures vanquished.

Vanquished Creatures (others)
  2 toadstools (D:1)
2 creatures vanquished.

Grand Total: 80 creatures vanquished

Notes
Turn   | Place    | Note
-------+----------+-------------------------------------------
     0 | D:1      | Gumption the Avariel Wizard began the quest for the Orb.
     0 | D:1      | Reached XP level 1. HP: 10/10 MP: 7/7
   163 | D:1      | Reached XP level 2. HP: 15/15 MP: 5/9
   361 | D:1      | Learned a level 2 spell: Call Imp
   364 | D:1      | Learned a level 2 spell: Blink
   523 | D:1      | Reached XP level 3. HP: 19/19 MP: 4/10
   883 | D:2      | Learned a level 3 spell: Mephitic Cloud
   887 | D:2      | Learned a level 3 spell: Conjure Flame
   901 | D:2      | Found an opulent altar of Gozag.
   965 | D:2      | Reached skill level 1 in Translocations
  1042 | D:2      | Noticed Robin
  1194 | D:2      | Killed Robin
  1194 | D:2      | Reached XP level 4. HP: 24/24 MP: 3/12
  1442 | D:2      | Found a corrupted altar of Lugonu.
  1450 | D:2      | Became a worshipper of Lugonu the Unformed
  1450 | D:2      | Reached * piety under Lugonu
  1935 | D:2      | Found a faded altar of an unknown god.
  2153 | D:3      | Noticed an ogre
  2632 | D:3      | Reached XP level 5. HP: 28/28 MP: 1/14
  2739 | D:3      | Reached ** piety under Lugonu
  2739 | D:3      | Reached skill level 5 in Spellcasting
  2739 | D:3      | Reached skill level 1 in Air Magic
  2812 | D:3      | Found a snail-covered altar of Cheibriados.
  2848 | D:3      | Reached skill level 1 in Fire Magic
  2986 | D:3      | Noticed a phantom
  3017 | D:3      | Killed a phantom
  3017 | D:3      | Reached skill level 1 in Poison Magic
  3018 | D:3      | Reached XP level 6. HP: 23/32 MP: 8/15
  3298 | D:3      | Killed from afar by an orc priest

Skill      XL: |  1  2  3  4  5 |
---------------+----------------+-----
Conjurations   | 2 3 4 |  4.0
Translocations | 1 2 |  2.5
Dodging        | 3 |  3.8
Spellcasting   | 5 |  5.1
Air Magic      | 1 |  1.6
Fire Magic     | 1 |  1.5
Poison Magic   | 1 |  1.3
Stealth        | |  2.1
Summonings     | |  1.2

Action                   |  1- 3 |  4- 6 || total
-------------------------+-------+-------++-------
Melee: Dagger            |     3 |       ||     3
       Staff             |     1 |       ||     1
       Short sword       |       |    15 ||    15
Throw: Stone             |     6 |     1 ||     7
 Cast: Magic Dart        |    67 |   103 ||   170
       Blink             |       |     3 ||     3
       Call Imp          |       |     3 ||     3
  Eat: Chunk             |     1 |     6 ||     7
Armor: Leather armour    |       |     5 ||     5
Dodge: Dodged            |     2 |    14 ||    16
